 Dungeon Crawl Stone Soup version 0.30-a0-830-gfe289a77b0 (webtiles) character file.

Game seed: 15090685442410703626

133615 dolemite99 the Warrior (level 17, 0/132 HPs)
             Began as a Hill Orc Fighter on Feb 28, 2023.
             Was the Champion of Nemelex Xobeh.
             Slain by a small abomination (6 damage)
             ... on level 3 of the Abyss.
             The game lasted 00:59:09 (41895 turns).

dolemite99 the Warrior (Hill Orc Fighter)          Turns: 41895, Time: 00:59:10

Health: 0/132      AC: 29    Str: 23    XL:     17   Next: 15%
Magic:  29/29      EV: 11    Int:  4    God:    Nemelex Xobeh [******]
Gold:   888        SH:  6    Dex: 15    Spells: 12/16 levels left

rFire   + . .      SeeInvis .    b - +7 flail (drain)
rCold   . . .      Faith    +    c - +0 buckler
rNeg    . . .      Spirit   .    g - +8 chain mail of the Land of Plenty {rElec Will+ Dex+3}
rPois   .          Reflect  .    v - +2 helmet
rElec   +          Harm     .    E - +1 cloak
rCorr   .          Rampage  .    Y - +0 pair of gloves
Will    ++...                    U - +1 pair of boots Stlth
                                 F - amulet of faith
HPRegen 0.42/turn                f - ring of fire
MPRegen 0.21/turn                l - ring of protection from cold

@: no status effects
A: [deterioration 1], [dopey 2], [frail 2], [weak 1], [no potion heal 2]
a: Renounce Religion, Draw Escape, Draw Destruction, Draw Summoning, Triple
Draw, Deal Four, Stack Five


You were on level 3 of the Abyss.
You worshipped Nemelex Xobeh.
Nemelex Xobeh was exalted by your worship.
You visited 5 branches of the dungeon, and saw 27 of its levels.
You visited the Abyss 1 time.
You also visited: Ice Cave.

You collected 2515 gold pieces.
You spent 1627 gold pieces at shops.

Inventory:

Hand Weapons
 a - a +0 vampiric broad axe
 b - a +7 flail of draining (weapon)
 t - a +4 flail
 Q - a -1 demon whip of venom
Missiles
 q - 5 poisoned darts (quivered)
 y - 27 boomerangs
 H - 4 throwing nets
Armour
 c - a +0 buckler (worn)
 g - the +8 chain mail of the Land of Plenty (worn) {rElec Will+ Dex+3}
   (You found it on level 5 of the Lair of Beasts)

   Dex:       It affects your dexterity (+3).
   rElec:     It insulates you from electricity.
   Will:      It increases your willpower.
 u - quicksilver dragon scales
 v - a +2 helmet (worn)
 A - a +0 tower shield
 E - a +1 cloak (worn)
 U - a +1 pair of boots (worn)
 Y - a +0 pair of gloves (worn)
Magical Staves
 x - a staff of cold
Jewellery
 f - a ring of fire (left hand)
 l - a ring of protection from cold (right hand)
 F - an amulet of faith (around neck)
 K - a +6 ring of intelligence
Wands
 i - a wand of digging (6)
 p - a wand of polymorph (11)
 C - a wand of charming (27)
 T - a wand of flame (33)
Scrolls
 e - 2 scrolls of noise
 h - a scroll of silence
 j - 5 scrolls of fog
 n - 4 scrolls of identify {@r1}
 w - a scroll of amnesia
 D - 7 scrolls of teleportation
 L - 4 scrolls of poison
 N - 4 scrolls of vulnerability
 S - 2 scrolls of torment
Potions
 d - 5 potions of brilliance
 m - 4 potions of attraction
 o - 7 potions of lignification
 r - 6 potions of curing
 z - 3 potions of resistance
 B - 5 potions of flight
 G - a potion of magic
 I - 5 potions of might
 W - a potion of berserk rage
Miscellaneous
 J - a box of beasts (inert)
 M - a tin of tremorstones (inert)


   Skills:
 - Level 18.4 Fighting
 - Level 14.0(18.0) Axes
 - Level 15.7(17.2) Maces & Flails
 - Level 10.0 Armour
 - Level 7.3 Dodging
 + Level 7.4 Shields
 * Level 6.1 Translocations
 - Level 16.2 Invocations
 - Level 1.6 Evocations


You had 12 spell levels left.
You knew the following spells:

 Your Spells              Type           Power      Damage    Failure   Level
a - Lesser Beckoning      Tloc           8%         N/A       45%         2
b - Blink                 Tloc           8%         N/A       45%         2

Your spell library contained the following spells:

 Spells                   Type           Power      Damage    Failure   Level
 Momentum Strike          Conj/Tloc      4%         3d8       87%         2
 Vhi's Electric Charge    Tloc/Air       4%         N/A       98%         3
 Foxfire                  Conj/Fire      0%         2x1d4     99%         1
 Freeze                   Ice            0%         1d3       99%         1
 Necrotise                Necr           0%         1d4       99%         1
 Summon Small Mammal      Summ           0%         N/A       99%         1
 Ensorcelled Hibernation  Hex/Ice        0%         N/A       99%         2
 Passwall                 Tmut/Erth      0%         N/A       99%         2
 Static Discharge         Conj/Air       0%         2-2/arc   99%         2
 Call Canine Familiar     Summ           0%         N/A       100%        3
 Dazzling Flash           Conj/Hex       0%         N/A       100%        3
 Frozen Ramparts          Ice            0%         1d1       100%        3
 Hailstorm                Conj/Ice       0%         3d3       100%        3
 Summon Guardian Golem    Hex/Summ       0%         N/A       100%        3
 Swiftness                Air            0%         N/A       100%        3
 Vampiric Draining        Necr           0%         2d6       100%        3
 Animate Dead             Necr           0%         N/A       100%        4
 Ice Form                 Ice/Tmut       0%         N/A       100%        4
 Petrify                  Tmut/Erth      0%         N/A       100%        4
 Summon Ice Beast         Ice/Summ       0%         N/A       100%        4
 Agony                    Necr           0%         N/A       100%        5
 Arcjolt                  Conj/Air       0%         1d10      100%        5
 Borgnjor's Vile Clutch   Necr/Erth      0%         N/A       100%        5
 Fireball                 Conj/Fire      0%         3d3       100%        5
 Lightning Bolt           Conj/Air       0%         1d11      100%        5
 Metabolic Englaciation   Hex/Ice        0%         N/A       100%        5
 Silence                  Hex/Air        0%         N/A       100%        5
 Summon Mana Viper        Hex/Summ       0%         N/A       100%        5
 Yara's Violent Unravell  Hex/Tmut       0%         3d3       100%        5
 Death Channel            Necr           0%         N/A       100%        6
 Simulacrum               Ice/Necr       0%         N/A       100%        6
 Starburst                Conj/Fire      0%         6d3       100%        6
 Statue Form              Tmut/Erth      0%         N/A       100%        6
 Enfeeble                 Hex            0%         N/A       100%        7


Dungeon Overview and Level Annotations

Branches:
Dungeon (15/15)            Temple (1/1) D:4            Lair (5/5) D:11
 Shoals (4/4) Lair:2       Spider (0/4) Lair:3        Slime (0/5) Lair:5
    Orc (2/2) D:11            Elf (0/3) Orc:2        Vaults (0/5) D:14
 Depths (0/4) D:15          IceCv (visited)

Altars:
Ashenzari
Cheibriados
Dithmenos
Elyvilon
Fedhas
Gozag
Hepliaklqana
Kikubaaqudgha
Makhleb
Nemelex Xobeh
Okawaru
Qazlal
Ru
Sif Muna
Trog
Uskayaw
Vehumet
Wu Jian
Xom
Yredelemnul
Zin
The Shining One
Beogh

Shops:
D:3 [   D:4 [   D:5 (?   D:8 *   D:12 !   D:15 ?   Orc:2 ([**   Shoals:1 [

Annotations:
D:4 exclusion: downstairs
D:15 3 runed translucent doors
Lair:5 3 runed translucent doors, Darius099's ghost, journeyman MiFi; FacelessVoid's ghost, journeyman DsWn; demibob's ghost, journeyman DsGl
Abyss:3 3 runed translucent doors


Innate Abilities, Weirdness & Mutations

[Your body sometimes deteriorates upon taking damage.]
[You are very dopey. (Int -4)]
[You are very frail. (-20% HP)]
[You are weak. (Str -2)]
[Potions cannot restore your health.]


Message History

The smoke demon hits you.
* * * LOW HITPOINT WARNING * * *
The smoke demon hits you but does no damage.
You block the smoke demon's attack.
You hit the smoke demon.
The smoke demon is heavily wounded.
You sock the smoke demon!
The smoke demon is almost dead.
The smoke demon hits you but does no damage. x3
You sock the smoke demon!
You kill the smoke demon!
A small abomination comes into view.
The walls disappear prematurely!
You block the small abomination's attack.
The small abomination barely misses you.
You sock the small abomination!
The small abomination is heavily damaged.
The small abomination barely misses you.
The small abomination attacks as you move away!
The small abomination closely misses you.
You are confused.
Your system rejects the healing.
You feel invigorated. The small abomination hits you.
* * * LOW HITPOINT WARNING * * *
The small abomination hits you.
* * * LOW HITPOINT WARNING * * *
The small abomination barely misses you.
You feel less invigorated.
You feel less confused.
The small abomination hits you but does no damage.
You block the small abomination's attack.
The small abomination completely misses you.
The small abomination hits you but does no damage. x2
The small abomination closely misses you.
The small abomination hits you but does no damage.
You closely miss the small abomination.
The small abomination is heavily damaged.
The small abomination hits you.
You die...
Your body glows with a rainbow of weird colours and disappears.

... ~~ . # .##
#≈ .#. ## #
#.. # ~§. .
#..#.#.##~~~ .
.# #.#.#.. .~
~
#.##...#..#...
≈
#.#..##.#..#.
≈ ≈ ##x...#.
x..~~~.# #@##
.#.# ~~ .# ###
#### .#~~ ##
♣x ### . ~#.#
♣~≈..# # .
~#..# .# #. .
.


You could see a small abomination.

Vanquished Creatures
  A bone dragon (Abyss:3)
  A hellephant (Shoals:1)
  A tentacled starspawn (Abyss:3)
  Frances (D:13)
  A frost giant (Shoals:1)
  A deep elf sorcerer (Shoals:2)
  Louise (Shoals:3)
  An ironbound preserver (D:14)
  3 dire elephants (Lair:5)
  3 merfolk javelineers (Shoals:4)
  5 hydras
  Erolcha (D:13)
  3 centaur warriors
  2 merfolk avatars (Shoals:4)
  An alligator snapping turtle (Shoals:4)
  4 satyrs
  2 merfolk aquamancers
  4 boulder beetles
  4 two-headed ogres
  A thrashing horror (Abyss:3)
  3 death yaks (Lair:5)
  5 skysharks
  Sonja (D:13)
  3 skeletal warriors (D:13)
  2 spectral death yaks (Lair:5)
  A death drake (Shoals:2)
  4 sea snakes
  A spectral anaconda (Lair:5)
  A swamp dragon (Shoals:1)
  A deep elf archer (Shoals:2)
  Pikel (D:7)
  2 deep elf zephyrmancers (Shoals:2)
  5 harpies (Shoals:2)
  2 deep elf pyromancers (Shoals:2)
  3 necromancers (Lair:5)
  4 orc knights
  9 manticores
  An orc sorcerer (Orc:2)
  11 cyclopes
  14 fauns
  8 merfolk sirens
  6 black mambas
  2 ugly things
  3 water nymphs
  9 elephants
  A smoke demon (Abyss:3)
  An unseen horror zombie (D:8)
  2 torpor snails
  2 gargoyles
  3 efreet
  An unseen horror (D:12)
  An orange demon (D:11)
  A dire elephant skeleton (Lair:5)
  10 cane toads
  Psyche (D:9)
  6 komodo dragons
  6 kobold demonologists
  4 rime drakes
  7 trolls
  4 wind drakes
  2 hornets (D:9)
  10 merfolk
  A large abomination (Abyss:3)
  9 blink frogs
  7 dream sheep (Lair:5)
  5 snapping turtles
  A spectral elephant (Lair:5)
  5 slime creatures (D:14)
  2 shadows
  6 water elementals
  Sigmund (D:5)
  A centaur simulacrum (D:15)
  2 wraiths
  5 wyverns
  24 yaks
  6 vampire mosquitoes
  A fire bat (Lair:5)
  5 basilisks
  3 redbacks (Lair:3)
  5 wargs
  A steam dragon (D:8)
  A death yak simulacrum (Lair:5)
  Edmund (D:4)
  An acid dragon (D:13)
  A hell hound (Lair:5)
  11 water moccasins
  30 orc warriors
  2 sky beasts
  2 elephant zombies (Lair:5)
  A black bear (D:7)
  2 great orb of eyes simulacra (IceCv)
  A small abomination (Abyss:3)
  A tengu (Lair:5)
  An elephant skeleton (Lair:5)
  14 wolves
  7 ogres
  15 centaurs
  A phantom (D:4)
  4 kobold brigands
  2 slime creature simulacra (IceCv)
  6 bullfrogs
  4 scorpions
  2 cane toad simulacra (Lair:5)
  2 necrophages
  A wyvern zombie (D:8)
  11 wights
  10 killer bees
  3 elephant simulacra (Lair:5)
  An electric eel (Lair:5)
  5 howler monkeys
  2 centaur zombies (D:8)
  4 jellies (Lair:5)
  9 orc priests
  2 gnoll boudas
  4 hounds
  Crazy Yiuf (D:5)
  Ijyb (D:5)
  2 hell rats (Lair:5)
  5 iguanas
  19 orc wizards
  2 howler monkey zombies (D:8)
  Robin (D:4)
  18 gnolls
  13 adders
  2 shadow imps
  3 ufetubi
  A worm (D:5)
  3 dart slugs (D:1)
  64 orcs
  4 ball pythons
  7 bats
  5 endoplasms
  4 giant cockroaches
  19 goblins
  9 hobgoblins
  5 quokkas
  5 frilled lizards
  24 kobolds
  5 rats
  A bush (D:5)
682 creatures vanquished.

Vanquished Creatures (collateral kills)
  A merfolk impaler (Shoals:2)
  2 hydras
  A great orb of eyes (Shoals:4)
  2 merfolk avatars (Shoals:1)
  2 centaur warriors
  A skyshark (Shoals:2)
  Amaemon (D:11)
  A sea snake (Shoals:1)
  An obsidian statue (Lair:5)
  An orc knight (Orc:2)
  2 elephants (Lair:3)
  A cyclops (Orc:1)
  3 fauns (Shoals:2)
  A manticore (Shoals:3)
  5 water nymphs
  A naga mage (D:15)
  A torpor snail (Lair:4)
  5 merfolk
  6 snapping turtles
  8 blink frogs
  3 dream sheep (Shoals:4)
  2 slime creatures (D:15)
  5 water elementals
  26 yaks
  3 water moccasins
  5 orc warriors
  4 centaurs
  An ogre (Orc:2)
  3 bullfrogs
  A gnoll sergeant (D:9)
  4 orc priests
  4 orc wizards
  3 gnolls (D:9)
  14 orcs
124 creatures vanquished.

Vanquished Creatures (others)
  2 water nymphs (Shoals:1)
  38 fungi
  188 plants
  3 starspawn tentacles (Abyss:3)
  33 withered plants
264 creatures vanquished.

Grand Total: 1070 creatures vanquished

Notes
Turn   | Place    | Note
-------+----------+-------------------------------------------
     0 | D:1      | dolemite99 the Hill Orc Fighter began the quest for the
                  | Orb.
     0 | D:1      | Reached XP level 1. HP: 19/19 MP: 1/1
    44 | D:1      | Reached XP level 2. HP: 18/26 MP: 2/2
   413 | D:1      | Reached XP level 3. HP: 31/31 MP: 3/3
   720 | D:1      | Reached skill level 5 in Axes
   873 | D:2      | Reached XP level 4. HP: 39/39 MP: 4/4
  1693 | D:2      | Reached XP level 5. HP: 45/45 MP: 5/5
  2340 | D:3      | Found Nohissue's Antique Armour Boutique.
  2954 | D:3      | Found a burning altar of Makhleb.
  3161 | D:4      | Noticed Robin
  3182 | D:4      | Killed Robin
  3202 | D:4      | Noticed Edmund
  3302 | D:4      | Reached XP level 6. HP: 51/51 MP: 6/6
  3314 | D:4      | Found Jopaomou's Antique Armour Emporium.
  3423 | D:4      | Found a staircase to the Ecumenical Temple.
  3433 | Temple   | Entered the Ecumenical Temple
  3560 | Temple   | Became a worshipper of Nemelex Xobeh the Trickster
  3635 | D:4      | Killed Edmund
  3734 | D:4      | Identified the +2 quarterstaff of the Loving Asp {drain,
                  | rPois rC+ rCorr Stlth-}
  4152 | D:5      | Entered Level 5 of the Dungeon
  4166 | D:4      | Reached XP level 7. HP: 54/57 MP: 7/7
  4226 | D:5      | Noticed Ijyb
  4234 | D:5      | Killed Ijyb
  4235 | D:5      | Reached skill level 1 in Invocations
  4244 | D:5      | Reached skill level 1 in Evocations
  4329 | D:5      | Found The Oracle's Delphic Readings.
  4338 | D:5      | Bought a scroll of fear for 40 gold pieces
  4338 | D:5      | Bought a scroll of enchant weapon for 75 gold pieces
  4375 | D:5      | Reached skill level 1 in Maces & Flails
  4519 | D:5      | Reached * piety under Nemelex Xobeh
  4545 | D:5      | Noticed Sigmund
  4552 | D:5      | Reached XP level 8. HP: 38/64 MP: 9/9
  4562 | D:5      | Killed Sigmund
  4563 | D:5      | Reached skill level 5 in Maces & Flails
  5177 | D:5      | Received a gift from Nemelex Xobeh
  5315 | D:5      | Found Nuashed's Weapon Boutique.
  5547 | D:5      | Found a runed translucent door.
  5548 | D:5      | Noticed Crazy Yiuf
  5553 | D:5      | Killed Crazy Yiuf
  5722 | D:6      | Found an iron altar of Okawaru.
  5999 | D:6      | Received a gift from Nemelex Xobeh
  6013 | D:6      | Reached ** piety under Nemelex Xobeh
  6488 | D:7      | Reached skill level 5 in Invocations
  6488 | D:7      | Reached XP level 9. HP: 61/70 MP: 12/12
  6634 | D:7      | Identified the ring "Xexteygg" {Str+6 Dex+5 Slay-6}
  6845 | D:7      | Reached skill level 4 in Fighting
  6849 | D:7      | Noticed Pikel
  6861 | D:7      | Killed Pikel
  6862 | D:7      | Reached skill level 6 in Fighting
  6871 | D:7      | Reached skill level 7 in Fighting
  7446 | D:7      | Reached skill level 8 in Fighting
  7645 | D:8      | Reached skill level 5 in Armour
  7688 | D:8      | Identified the +5 leather armour of the Wumpus {-Tele Will+
                  | Regen+ Stlth+}
  7818 | D:8      | Noticed a two-headed ogre
  7824 | D:8      | Killed a two-headed ogre
  7825 | D:8      | Reached XP level 10. HP: 33/88 MP: 14/14
  8221 | D:8      | Received a gift from Nemelex Xobeh
  8221 | D:8      | Found Waeruele's Evil Emporium.
  8293 | D:8      | Reached *** piety under Nemelex Xobeh
  8794 | D:8      | Found a hazy altar of Hepliaklqana.
 10031 | D:9      | Noticed Psyche
 10225 | D:9      | Killed Psyche
 10424 | D:9      | Reached skill level 9 in Fighting
 10529 | D:9      | Received a gift from Nemelex Xobeh
 10583 | D:9      | Paralysed by a hornet for 1 turns
 10969 | D:9      | Reached skill level 10 in Fighting
 10984 | D:9      | Reached XP level 11. HP: 97/99 MP: 15/15
 11160 | D:10     | Entered Level 10 of the Dungeon
 11355 | D:10     | Found a sacrificial altar of Ru.
 11355 | D:10     | Found an opulent altar of Gozag.
 11356 | D:10     | Found a bloodstained altar of Trog.
 11454 | D:10     | Found a white marble altar of Elyvilon.
 11855 | D:10     | Received a gift from Nemelex Xobeh
 12040 | D:10     | Found a shimmering altar of Xom.
 12060 | D:10     | Found a glowing golden altar of the Shining One.
 12060 | D:10     | Found a shimmering blue altar of Sif Muna.
 12061 | D:10     | Found a broken altar of Ashenzari.
 12061 | D:10     | Found a snail-covered altar of Cheibriados.
 12063 | D:10     | Found a hide-covered altar of Uskayaw.
 12182 | D:11     | Found a staircase to the Lair.
 12182 | D:11     | Noticed a boulder beetle
 12204 | D:11     | Killed a boulder beetle
 12318 | D:11     | Noticed Amaemon
 12347 | D:11     | Killed Amaemon
 12359 | D:11     | Reached skill level 10 in Maces & Flails
 12892 | D:11     | Noticed a manticore
 12902 | D:11     | Killed a manticore
 13076 | D:11     | Noticed a cyclops
 13086 | D:11     | Killed a cyclops
 13212 | D:11     | Reached **** piety under Nemelex Xobeh
 13375 | D:11     | Found a roughly hewn altar of Beogh.
 13464 | D:11     | Found a staircase to the Orcish Mines.
 13838 | D:11     | Received a gift from Nemelex Xobeh
 14024 | Lair:1   | Entered Level 1 of the Lair of Beasts
 14191 | Lair:1   | Reached XP level 12. HP: 108/108 MP: 16/16
 14632 | Lair:1   | Received a gift from Nemelex Xobeh
 15009 | Lair:2   | Received a gift from Nemelex Xobeh
 15022 | Lair:2   | Reached ***** piety under Nemelex Xobeh
 15749 | Lair:2   | Found a staircase to the Shoals.
 15823 | Lair:2   | Received a gift from Nemelex Xobeh
 16276 | Lair:3   | Reached skill level 15 in Maces & Flails
 16384 | Lair:3   | Noticed a skyshark
 16401 | Lair:3   | a skyshark changed into a yak
 16837 | Lair:3   | Noticed a six-headed hydra
 16842 | Lair:3   | Killed a six-headed hydra
 17195 | Lair:3   | Noticed a five-headed hydra
 17197 | Lair:3   | Identified the +0 long sword "Gequk" {freeze, rElec rPois
                  | Dex+2}
 17201 | Lair:3   | Killed a six-headed hydra
 17214 | Lair:3   | Reached XP level 13. HP: 68/114 MP: 19/19
 17662 | Lair:3   | Received a gift from Nemelex Xobeh
 17686 | Lair:3   | Found a hole to the Spider Nest.
 17705 | Lair:3   | Reached skill level 10 in Invocations
 18651 | Lair:4   | Identified the +1 leather armour of the Flute {rPois rF-
                  | Will++ Int+4}
 19077 | Lair:4   | Received a gift from Nemelex Xobeh
 19267 | Lair:4   | Identified the +2 executioner's axe of the Mashing Stork
                  | {heavy, Str+3 Dex+3}
 19601 | Lair:5   | Entered Level 5 of the Lair of Beasts
 19767 | Lair:5   | Reached skill level 15 in Invocations
 20304 | Lair:5   | Found a staircase to the Slime Pits.
 20729 | Lair:5   | Reached XP level 14. HP: 103/122 MP: 26/26
 20799 | Lair:5   | Noticed a dire elephant
 20799 | Lair:5   | Noticed a dire elephant
 20955 | Lair:5   | Reached skill level 11 in Fighting
 21255 | Lair:5   | Received a gift from Nemelex Xobeh
 21373 | Lair:5   | Found a runed translucent gate.
 21373 | Lair:5   | Found a runed translucent gate.
 21374 | Lair:5   | Found a runed translucent gate.
 21375 | Lair:5   | Noticed demibob's ghost (journeyman DsGl)
 21375 | Lair:5   | Noticed FacelessVoid's ghost (journeyman DsWn)
 21376 | Lair:5   | Noticed Darius099's ghost (journeyman MiFi)
 21488 | Lair:5   | Reached ****** piety under Nemelex Xobeh
 21635 | Lair:5   | Reached skill level 12 in Fighting
 22154 | Lair:5   | Noticed a dire elephant
 22415 | Lair:5   | Reached skill level 13 in Fighting
 22911 | Lair:5   | Killed a dire elephant
 22911 | Lair:5   | Killed a dire elephant
 22911 | Lair:5   | Killed a dire elephant
 22912 | Lair:5   | Reached skill level 14 in Fighting
 22932 | Lair:5   | Got the Papyrus of Quantum Rallying
 23014 | Lair:5   | Identified the +8 chain mail of the Land of Plenty {rElec
                  | Will+ Dex+3}
 23466 | Orc:1    | Entered Level 1 of the Orcish Mines
 24129 | Orc:1    | Received a gift from Nemelex Xobeh
 24244 | Orc:2    | Entered Level 2 of the Orcish Mines
 24285 | Orc:2    | Reached skill level 15 in Fighting
 24290 | Orc:2    | Found a roughly hewn altar of Beogh.
 26218 | Orc:1    | Received a gift from Nemelex Xobeh
 26654 | Orc:2    | Reached skill level 16 in Fighting
 26926 | Orc:2    | Received a gift from Nemelex Xobeh
 27008 | Orc:2    | Found a staircase to the Elven Halls.
 27198 | Orc:2    | Found Tiunk's General Store.
 27198 | Orc:2    | Found Nuis's Armour Shoppe.
 27200 | Orc:2    | Found Ybedumud's Weapon Emporium.
 27202 | Orc:2    | Found Bareulua's Assorted Antiques.
 27218 | Orc:2    | Bought a notched golden ring for 155 gold pieces
 27218 | Orc:2    | Bought a copper ring for 155 gold pieces
 27218 | Orc:2    | Bought a scroll of teleportation for 93 gold pieces
 27218 | Orc:2    | Bought a scroll of teleportation for 93 gold pieces
 27218 | Orc:2    | Bought a potion of curing for 93 gold pieces
 27229 | Orc:2    | Bought a potion of curing for 45 gold pieces
 27229 | Orc:2    | Bought a scroll of identify for 30 gold pieces
 27423 | Orc:1    | Learned a level 2 spell: Lesser Beckoning
 27677 | Orc:1    | Received a gift from Nemelex Xobeh
 27827 | D:12     | Reached skill level 10 in Armour
 27883 | D:12     | Reached XP level 15. HP: 141/144 MP: 27/27
 27898 | D:12     | Reached skill level 1 in Dodging
 28441 | D:12     | Identified the +7 short sword of Kyrraeq {heavy, rPois rF+
                  | Will+ Dex+3}
 28494 | D:12     | Found Ywiloblo's Distillery.
 28512 | D:12     | Bought a potion of resistance for 160 gold pieces
 28512 | D:12     | Bought a potion of haste for 160 gold pieces
 28512 | D:12     | Bought a potion of berserk rage for 80 gold pieces
 28512 | D:12     | Bought a potion of curing for 48 gold pieces
 28512 | D:12     | Bought a potion of curing for 48 gold pieces
 28512 | D:12     | Bought a potion of might for 64 gold pieces
 28512 | D:12     | Bought a potion of might for 64 gold pieces
 28812 | D:13     | Noticed Erolcha
 28822 | D:13     | Killed Erolcha
 28858 | D:13     | Received a gift from Nemelex Xobeh
 28881 | D:13     | Reached skill level 5 in Dodging
 29018 | D:13     | Noticed Sonja
 29022 | D:13     | Killed Sonja
 29198 | D:13     | Received a gift from Nemelex Xobeh
 29379 | D:13     | Noticed Frances
 29388 | D:13     | Killed Frances
 29640 | D:13     | Received a gift from Nemelex Xobeh
 29947 | D:14     | Received a gift from Nemelex Xobeh
 29964 | D:14     | Identified the +1 hand axe of Extinguishment {antimagic,
                  | SInv}
 30292 | D:14     | Found a gate to the Vaults.
 30459 | D:14     | Received a gift from Nemelex Xobeh
 30460 | D:14     | Found a hide-covered altar of Uskayaw.
 30942 | D:15     | Entered Level 15 of the Dungeon
 30942 | D:15     | Found a runed translucent gate.
 30942 | D:15     | Found a runed translucent gate.
 30942 | D:15     | Found a runed translucent gate.
 31091 | D:15     | Found Diplorcha's Magic Scroll Shoppe.
 31098 | D:15     | Bought a scroll of brand weapon for 161 gold pieces
 31228 | D:15     | Reached skill level 10 in Axes
 31320 | D:15     | Received a gift from Nemelex Xobeh
 31468 | D:15     | Found a staircase to the Depths.
 31565 | D:15     | Received a gift from Nemelex Xobeh
 31919 | Shoals:1 | Entered Level 1 of the Shoals
 31919 | Shoals:1 | Found Olaodir's Armour Boutique.
 31940 | Shoals:1 | Bought a +0 pair of boots for 63 gold pieces
 31975 | Shoals:1 | Identified the -1 long sword "Tizi" {elec, rC+ rN+}
 34401 | Shoals:1 | Received a gift from Nemelex Xobeh
 34538 | Shoals:1 | Identified the +1 robe of Mumnounn {Str+2}
 34618 | Shoals:1 | Reached XP level 16. HP: 151/151 MP: 28/28
 34618 | Shoals:1 | Received a gift from Nemelex Xobeh
 34658 | Shoals:1 | Noticed Mlioglotl
 34661 | Shoals:1 | Mlioglotl changed into Mlioglotl the hellephant
 34661 | Shoals:1 | Noticed Mlioglotl
 34671 | Shoals:1 | Killed Mlioglotl the hellephant
 34877 | Shoals:1 | Identified the +1 trident of the Golden God {flame, +Blink
                  | rF+ Int-5}
 35916 | Shoals:2 | Received a gift from Nemelex Xobeh
 35926 | Shoals:2 | Found a frozen archway.
 35935 | IceCv    | Entered an ice cave
 36346 | Shoals:2 | Reached skill level 17 in Fighting
 36918 | Shoals:2 | Identified the +3 long sword "Ataaritu" {holy, rC+++ Int-4
                  | Dex+4}
 37097 | Shoals:2 | Reached skill level 18 in Fighting
 37770 | Shoals:2 | Learned a level 2 spell: Blink
 38124 | Shoals:2 | Reached skill level 1 in Translocations
 38626 | Shoals:3 | Noticed Louise
 38801 | Shoals:3 | Received a gift from Nemelex Xobeh
 38972 | Shoals:3 | Killed Louise
 39225 | Shoals:3 | Received a gift from Nemelex Xobeh
 39484 | Shoals:4 | Entered Level 4 of the Shoals
 39551 | Shoals:4 | Reached skill level 5 in Shields
 40238 | Shoals:4 | Received a gift from Nemelex Xobeh
 40535 | Shoals:4 | Noticed a kraken
 40827 | Shoals:4 | Reached skill level 5 in Translocations
 40903 | Shoals:4 | Reached XP level 17. HP: 147/166 MP: 29/29
 41626 | Abyss:3  | Found a corrupted altar of Lugonu.
 41626 | Abyss:3  | Cast into level 3 of the Abyss (merfolk impaler)
 41641 | Abyss:3  | Found a runed translucent gate.
 41641 | Abyss:3  | Found a runed translucent gate.
 41642 | Abyss:3  | Found a runed translucent gate.
 41651 | Abyss:3  | Found a runed translucent gate.
 41651 | Abyss:3  | Found a runed translucent gate.
 41651 | Abyss:3  | Found a runed translucent gate.
 41762 | Abyss:3  | Noticed a tentacled starspawn
 41773 | Abyss:3  | Noticed a lich
 41780 | Abyss:3  | Killed a tentacled starspawn
 41788 | Abyss:3  | Received a gift from Nemelex Xobeh
 41800 | Abyss:3  | Noticed a bone dragon
 41815 | Abyss:3  | HP: 6/132 [bone dragon (14)]
 41817 | Abyss:3  | Killed a bone dragon
 41872 | Abyss:3  | HP: 4/132 [smoke demon (5)]
 41887 | Abyss:3  | HP: 6/132 [small abomination (4)]
 41895 | Abyss:3  | Slain by a small abomination

Illustrated notes

Levels and vault maps discovered:
D:1:      mrwooster_arrival_statue_2, layout_loops_cross, minmay_pentomino_p4
D:2:      kennysheep_six_static_rooms, layout_basic, serial_corexii_hall,
          corexii_hall_statues_s, corexii_hall_statues_x, minmay_unequal
D:3:      layout_loops_corners, lightli_temple_of_fire, serial_shops,
          nicolae_square_shop
D:4:      layout_rooms, minmay_temple_entry_mini_moons, enter_ossuary_5,
          serial_shops, nicolae_shop_crystal, uniq_robin, uniq_edmund
D:5:      layout_loops_ring, serial_shops, kennysheep_mini,
          nicolae_nh_oracle_at_delphi, uniq_crazy_yiuf_cottage, uniq_sigmund,
          uniq_ijyb
D:6:      layout_gridville, mainiacjoe_overflow_small_starburst, dk_vineyard_2
D:7:      wad_pebble_path, layout_layer_cave, uniq_pikel
D:8:      layout_loops_ring, lemuel_doored_altar, serial_undead,
          serial_undead_e, serial_undead_f, serial_undead_b, serial_undead_c,
          serial_undead_b, serial_undead_d, hangedman_abyss_or_decor_clamps,
          nicolae_evil_shop
D:9:      layout_cave_pools, uniq_psyche
D:10:     layout_long_grid, minitemple, nicolae_overflow_quartered_altars,
          bh_walls_and_bars
D:11:     layout_loops_ring, erik_lair_orcish_takeover, david_orc_5,
          kennysheep_generic_room_15, uniq_amaemon
D:12:     layout_rooms, serial_shops, nicolae_shop_stone
D:13:     layout_grid_maze, uniq_erolcha, uniq_sonja, uniq_frances
D:14:     layout_irregular_city, skrybe_vaults_entry_preservation,
          corexii_hall_statues_x, nicolae_uskayaw_dance_hall
D:15:     hangedman_depths_entry_try_elsewhere_first, layout_stronghold,
          ploomutoo_gammafunk_ghost_potion_laboratory, serial_shops, shop,
          wad_floor_pattern_untrapped, minivault_25_ag
Temple:   hellmonk_temple_beads
Lair:1:   layout_concentric_octagons, lemuel_fruit_tree, serial_bayou_shore_b
Lair:2:   layout_gridlike, elwin_shoals_entry_rooms, serial_bayou_shore_b
Lair:3:   layout_regular_city, spider_nest_entry_webs
Lair:4:   layout_gridlike, chequers_serial_rivers_small_3, grunt_megastairs_2,
          infiniplex_staircase_pool_2
Lair:5:   due_jungle_book, layout_gridlike, nicolae_slime_entry_field_trip,
          gammafunk_ghost_cemetery, serial_bayou_shore_a
Shoals:1: cheibrodos_shoals_satyrical_garden, layout_shoals, serial_shops, shop,
          st_sunken_temple, uniq_mlioglotl
Shoals:2: nicolae_shoals_deep_elves_summer_vacation, layout_shoals,
          portal_ice_cave_entry_pillars_2,
          nicolae_shoals_nymph_descending_staircase
Shoals:3: layout_shoals, uniq_louise
Shoals:4: shoals_end_simple, layout_shoals, nicolae_shoals_shepherds
Orc:1:    layout_caves
Orc:2:    st_orc_rangers, layout_caves, basic_altar, lightli_orcish_oven
Abyss:3:  base: Spider:3, evilmike_abyss_rune_siren_acolytes,
          evilmike_abyss_rune_siren_acolytes

Skill      XL: |  1  2  3  4  5  6  7  8  9 10 11 12 13 14 15 16 17 |
---------------+----------------------------------------------------+-----
Axes           | 3 4 5 6 8 9 13 14 | 14.0
Invocations    | 2 5 6 9 16 | 16.2
Evocations     | 1 |  1.6
Maces & Flails | 4 7 12 15 | 15.7
Fighting       | 8 10 16 18 | 18.4
Armour         | 7 9 10 | 10.0
Shields        | 4 6 7 |  7.4
Dodging        | 7 |  7.3
Translocations | 5 6 |  6.1

Action                     |  1- 3 |  4- 6 |  7- 9 | 10-12 | 13-15 | 16-18 || total
---------------------------+-------+-------+-------+-------+-------+-------++-------
  Melee: War axe           |   116 |   177 |       |       |       |       ||   293
         Flail             |       |    23 |   224 |   419 |  1011 |   166 ||  1843
         Broad axe         |       |       |       |       |       |   290 ||   290
  Throw: Dart              |     2 |     8 |    12 |   208 |   169 |    74 ||   473
         Javelin           |       |       |     9 |       |    77 |     5 ||    91
         Boomerang         |       |       |       |       |    49 |     9 ||    58
 Invoke: Draw Escape       |       |       |     1 |       |     7 |    12 ||    20
         Draw Destruction  |       |       |       |    28 |    61 |    46 ||   135
         Draw Summoning    |       |       |       |    11 |    27 |    14 ||    52
  Evoke: Wand              |       |       |    21 |    41 |    14 |    28 ||   104
         Box of beasts     |       |       |       |       |     1 |     2 ||     3
         Tin of tremorston |       |       |       |       |       |     2 ||     2
    Use: Potion            |       |     4 |     2 |       |     5 |    19 ||    30
         Scroll            |       |     2 |    15 |    10 |    16 |     7 ||    50
   Stab: Distracted        |       |       |       |       |     1 |     1 ||     2
         Invisible         |       |       |       |       |     2 |     2 ||     4
 Armour: Scale mail        |    58 |    89 |    21 |       |       |       ||   168
         Plate armour      |       |       |    80 |   241 |   226 |       ||   547
         Chain mail        |       |       |       |       |   564 |   293 ||   857
  Dodge: Dodged            |    70 |   101 |   100 |   182 |   506 |   224 ||  1183
  Block: Buckler           |    23 |    39 |    38 |    84 |   283 |   120 ||   587

Table legend: (Time is in decaauts)
 A = Elapsed time spent in this place.
 B = Non-inter-level travel time spent in this place.
 C = Inter-level travel time spent in this place.
 D = Time resting spent in this place.
 E = Time spent auto-exploring this place.
 F = Levels seen in this place.
 G = Mean time per level.
                   A        B        C        D        E       F      G
               +--------+--------+--------+--------+--------+-----+--------+
         Total |  42053 |  39862 |   2191 |  14759 |  16663 |  29 | 1450.1 |
       Dungeon |  18292 |  17433 |    859 |   4272 |   9332 |  15 | 1219.5 |
        Temple |    164 |    104 |     60 |      0 |     89 |   1 |  164.0 |
          Lair |  11753 |  10953 |    800 |   4824 |   4333 |   5 | 2350.6 |
        Shoals |   7575 |   7217 |    358 |   3348 |   2037 |   4 | 1893.8 |
  Orcish Mines |   3672 |   3559 |    113 |   2028 |    777 |   2 | 1836.0 |
         Abyss |    265 |    265 |      0 |     52 |     51 |   1 |  265.0 |
      Ice Cave |    329 |    329 |      0 |    234 |     43 |   1 |  329.0 |
               +--------+--------+--------+--------+--------+-----+--------+

Top non-repeatable levels by time:
  Lair:5: 3708 daAuts
  Lair:2: 3395 daAuts
Shoals:2: 2299 daAuts
    D:11: 2264 daAuts
     D:8: 2260 daAuts
   Orc:1: 2029 daAuts
  Lair:3: 1990 daAuts
Shoals:1: 1966 daAuts
Shoals:3: 1713 daAuts
   Orc:2: 1643 daAuts
Shoals:4: 1596 daAuts
     D:5: 1457 daAuts
  Lair:4: 1446 daAuts
     D:9: 1331 daAuts
     D:2: 1266 daAuts
